Cogmind - Beta 10 @@@ ROGUE MODE // 2020.09.09 @ 17:11:19 Player: Torako Result: Destroyed by 8R-AWN with 8R-AWN's Boregun Performance ------------- Evolutions (1) 500 Regions Visited (5) 1000 Robots Destroyed (55) 275 Value Destroyed (1425) 1425 Prototype IDs (25) 500 Alien Tech Used (0) 0 Bonus (95) 95 TOTAL SCORE: 3795 Bonus ------- High Alert Combat Kills 11 Follower Combat Kills 25 Aligned with FarCom 300 Friendly Fire -241 Cogmind --------- Core Integrity 0/400 Matter 205/300 Energy 86/100 System Corruption 3% Temperature Cool (0) Movement Core (100) Ox1 Location -9/Exiles Parts ------- > --- POWER (1) -------- (None) > --- PROPULSION (2) --- (None) > --- UTILITY (3) ------ Melee Analysis Suite Armor Integrity Analyzer Light Armor Plating > --- WEAPON (3) ------- Mining Claw > --- INVENTORY (4) ---- Grenade Launcher Peak State ------------ > --- POWER ------------ Light Nuclear Core > --- PROPULSION ------- Potential Leg Potential Leg > --- UTILITY ---------- Melee Analysis Suite Armor Integrity Analyzer Light Armor Plating > --- WEAPON ----------- Grenade Launcher Mining Claw Mining Claw > --- INVENTORY -------- Light Armor Plating Hardened Light Armor Plating Mining Claw Signal Generator [Rating: 32] Favorites ----------- Power Improved Ion Engine Engine Improved Ion Engine Power Core Light Nuclear Core Propulsion Light Treads Treads Light Treads Leg Aluminum Leg Utility Large Storage Unit Device Cooling System Storage Large Storage Unit Processor Armor Integrity Analyzer Protection Light Armor Plating Weapon Minigun Energy Gun Shock Rifle Ballistic Gun Minigun Launcher Grenade Launcher Slashing Weapon Mining Claw Build | -11 -10 -10 -9 -9 -9 ------- Run | Scr Mat Min Mat Min Exi Slots Evolved 2 | . . . 2 . . Power . | . . . . . . Propulsion . | . . . . . . Utility 1 | . . . 1 . . Weapon 1 | . . . 1 . . Parts Attached 78 | 7 12 4 31 12 12 Power 9 | 1 1 . 4 3 . Engine 7 | 1 1 . 4 1 . Core 2 | . . . . 2 . Reactor . | . . . . . . Propulsion 15 | 2 2 . 7 2 2 Treads 9 | . . . 7 2 . Leg 6 | 2 2 . . . 2 Wheel . | . . . . . . Hover . | . . . . . . Flight . | . . . . . . Utility 16 | 2 2 . 6 1 5 Device 2 | 1 . . . 1 . Storage 3 | 1 2 . . . . Processor 3 | . . . 1 . 2 Hackware . | . . . . . . Protection 8 | . . . 5 . 3 Artifact . | . . . . . . Weapon 38 | 2 7 4 14 6 5 Energy Gun 17 | 2 3 . 6 5 1 Energy Cannon . | . . . . . . Ballistic Gun 12 | . . 4 8 . . Ballistic Cannon . | . . . . . . Launcher 3 | . 2 . . . 1 Special Weapon . | . . . . . . Impact Weapon . | . . . . . . Slashing Weapon 6 | . 2 . . 1 3 Piercing Weapon . | . . . . . . Special Melee Weapon . | . . . . . . Unidentified Prototypes 2 | . . . 2 . . Parts Lost 17 | . 3 . 1 8 5 Power 2 | . . . . 1 1 Propulsion 2 | . . . . 2 . Utility 2 | . . . . . 2 Weapon 11 | . 3 . 1 5 2 Highest Loss Streak 6 | . 2 . 1 6 5 Average Slot Usage (%) 99 | . 99 100 99 99 98 Engine 8 | . 14 14 11 3 . Core 2 | . . . . 7 10 Treads 15 | . . . 21 22 11 Leg 8 | . 28 28 . . 10 Device 2 | . 1 . . 10 1 Storage 20 | . 26 28 22 22 3 Processor 2 | . . . . . 18 Protection 5 | . . . 10 . 9 Energy Gun 10 | . 16 1 5 23 4 Ballistic Gun 14 | . . 26 27 . . Launcher 1 | . . . . . 8 Slashing Weapon 5 | . 9 . . 9 20 Naked Turns . | . . . . . . Heaviest Build 55 | 12 42 43 53 55 47 Greatest Support 60 | 20 20 20 40 40 60 Greatest Overweight (x) 2 | . 2 2 2 1 1 Average Overweight (x) . | . 1 2 1 1 . Largest Inventory Capacity 16 | 6 16 16 16 16 16 Average Capacity 14 | 5 15 16 16 16 5 Most Carried 16 | 6 16 16 16 16 12 Average Carried 12 | 3 9 15 15 12 5 Final Capacity 16 | 6 16 16 16 16 4 Final Carried 16 | 4 16 16 16 12 1 Class Distribution -------------------- 41% | Mutant 38% | Tank 16% | Scavenger-Mutant Dominant Class ---------------- Mutant | -10/Materials Scavenger-Mutant | -10/Mines Tank | -9/Materials Mutant | -9/Mines Mutant | -9/Exiles Resources | -11 -10 -10 -9 -9 -9 ----------- Run | Scr Mat Min Mat Min Exi Matter Collected 1617 | 270 55 222 902 168 . Remotely 81 | 81 . . . . . Salvage Created 1838 | 68 150 155 1009 456 . Parts 118 | 4 15 9 71 19 . Haulers Intercepted . | . . . . . . Recyclers Shooed . | . . . . . . Parts Field Recycled . | . . . . . . Retrieved Matter . | . . . . . . Parts Self-Destructed . | . . . . . . Prevented . | . . . . . . Kills | -11 -10 -10 -9 -9 -9 ------- Run | Scr Mat Min Mat Min Exi Combat Hostiles Destroyed 49 | . 5 5 25 14 . Guns 43 | . 2 5 25 11 . AOE 6 | . 3 . . 3 . Classes Destroyed 8 | 1 2 2 3 . . Worker 2 | . . . 2 . . Recycler 2 | 1 . . 1 . . Watcher 2 | . 1 . 1 . . Swarmer 17 | . . . 11 6 . Grunt 19 | . 5 2 5 7 . Duelist 3 | . . . 2 1 . Sentry 8 | . . 1 7 . . Assembled 2 | . . 2 . . . Best Kill Streak 7 | 1 4 2 7 6 . Combat Bots Only 6 | . 3 2 6 6 . Max Kills in Single Turn 3 | 1 3 1 2 1 . Gunslinging 1 | . . . 1 . . Exploded 2 | . 2 . . 1 . Melee . | . . . . . . Uniques/NPCs Destroyed . | . . . . . . Combat | -11 -10 -10 -9 -9 -9 -------- Run | Scr Mat Min Mat Min Exi Damage Taken 3343 | . 475 355 942 751 820 Core 609 | . 135 65 114 54 241 Absorbed by Shields . | . . . . . . Core Remaining (%) 60 | 100 . 20 . . . Volleys Fired 140 | 2 19 19 70 30 . Largest 3 | 2 2 2 3 3 . Hottest 145 | 80 90 70 145 145 . Shots Fired 341 | 4 29 38 209 61 . Gun 338 | 4 26 38 209 61 . Cannon . | . . . . . . Launcher 3 | . 3 . . . . Special . | . . . . . . Kinetic 207 | . . 34 173 . . Thermal 34 | 4 26 4 . . . Explosive 3 | . 3 . . . . Electromagnetic 97 | . . . 36 61 . Robot Hit Streak 17 | 2 7 17 13 5 . Robot Miss Streak 5 | 1 4 3 5 4 . Penetration Max . | . . . . . . Secondary Targets 5 | . . . 4 1 . Max Gunslinging Chain 1 | . . . 1 1 . Shots Hit Robots 220 | 3 21 27 120 36 13 Core Hits 92 | 2 13 10 42 20 5 Critical Hits 1 | . . . 1 . . Critical Kills 1 | . . . 1 . . Critical Parts Destroyed . | . . . . . . Melee Attacks 18 | . 3 . . 1 14 Impact . | . . . . . . Slashing 18 | . 3 . . 1 14 Piercing . | . . . . . . Sneak Attacks 3 | . 2 . . . 1 Combat Hostiles . | . . . . . . Follow-up Attacks 4 | . . . . . 4 Damage Inflicted 4217 | 31 672 421 1897 831 365 Guns 2989 | 31 204 421 1829 504 . Cannons . | . . . . . . Explosions 662 | . 313 . 46 303 . Melee 544 | . 155 . . 24 365 Ramming 22 | . . . 22 . . Kinetic 1829 | . . 371 1458 . . Thermal 634 | 31 204 50 46 303 . Explosive 313 | . 313 . . . . Electromagnetic 875 | . . . 371 504 . Impact . | . . . . . . Slashing 544 | . 155 . . 24 365 Piercing . | . . . . . . Highest Corruption 3 | . . . . . 3 Average Corruption 3 | . . . . . 3 Corruption Purged . | . . . . . . Overload Shots . | . . . . . . Overflow Damage 145 | . 97 . 3 45 . Projectiles . | . . . . . . Explosions 60 | . 12 . 3 45 . Melee 85 | . 85 . . . . Knockbacks . | . . . . . . Impact . | . . . . . . Kinetic . | . . . . . . Secondary . | . . . . . . Self-Inflicted Damage 168 | . 60 . 32 76 . Shots 5 | . 2 . 1 2 . Rammed 3 | . . . 3 . . Targets Rammed 3 | . . . 3 . . Kicked . | . . . . . . Crushed . | . . . . . . Highest Temperature 484 | 36 266 63 445 484 . Average Temperature 131 | 20 91 28 138 188 . Received Heat Transfer 603 | . 234 81 213 75 . Effects 4 | . . . 3 1 . Shutdowns 1 | . . . . 1 . Energy Bleed 2 | . . . 2 . . Interference 1 | . . . 1 . . Siege Activations . | . . . . . . Robots Corrupted . | . . . . . . Combat Hostiles . | . . . . . . Parts Fried 1 | . . . 1 . . Impact Corruptions . | . . . . . . Robots Melted . | . . . . . . Combat Hostiles . | . . . . . . Parts Melted . | . . . . . . Heat Transferred 1207 | 75 534 148 50 400 . Parts Sabotaged . | . . . . . . Parts Stolen . | . . . . . . Parts Stripped . | . . . . . . Power Chain Reactions 6 | . . . 1 5 . Missiles Intercepted . | . . . . . . Alert | -11 -10 -10 -9 -9 -9 ------- Run | Scr Mat Min Mat Min Exi Peak Influence 430 | 5 160 56 430 393 . Initial 167 | . 3 1 11 167 . Average 172 | 2 63 33 222 217 . Maximum Alert Level 2 | . . . 2 1 . Low Security (%) 57 | 100 100 100 35 53 . Level 1 41 | . . . 62 46 . Level 2 1 | . . . 2 . . Level 3 . | . . . . . . Level 4 . | . . . . . . Level 5 . | . . . . . . High Security . | . . . . . . Max Security . | . . . . . . Squads Dispatched 6 | . 2 . 3 1 . Investigation . | . . . . . . Extermination . | . . . . . . Reinforcement 5 | . 2 . 3 . . Assault 1 | . . . . 1 . Garrison . | . . . . . . Intercept . | . . . . . . Construction Impeded . | . . . . . . Haulers Reinforced . | . . . . . . Stealth | -11 -10 -10 -9 -9 -9 --------- Run | Scr Mat Min Mat Min Exi Distress Signals 5 | . . 1 4 . . Communications Jammed . | . . . . . . Distress Signals . | . . . . . . Times Spotted 89 | . 17 6 44 16 6 Peak Tracking Total 8 | . 5 2 7 4 8 Tactical Retreats 7 | . 5 . 2 . . Traps | -11 -10 -10 -9 -9 -9 ------- Run | Scr Mat Min Mat Min Exi Traps Triggered 2 | . . . 2 . . Indirectly . | . . . . . . Trap Hack Attempts . | . . . . . . Triggered . | . . . . . . Disarmed . | . . . . . . Reprogrammed . | . . . . . . Reused . | . . . . . . Traps Extracted . | . . . . . . Installed . | . . . . . . Triggered 1 | . . . 1 . . Machines | -11 -10 -10 -9 -9 -9 ---------- Run | Scr Mat Min Mat Min Exi Machines Disabled 1 | . . . . 1 . Max in Single Turn 1 | . . . . 1 . Machines Sabotaged . | . . . . . . Garrisons Compromised . | . . . . . . Overloaded Fab Kills . | . . . . . . Fab Network Shutdowns . | . . . . . . Hacking | -11 -10 -10 -9 -9 -9 --------- Run | Scr Mat Min Mat Min Exi Machines Accessed 9 | . 2 . 6 . 1 Terminals 8 | . 2 . 6 . . Fabricators . | . . . . . . Repair Stations . | . . . . . . Recycling Units . | . . . . . . Scanalyzers . | . . . . . . Garrison Access . | . . . . . . Total Hacks 22 | . 6 . 15 . 1 Successful 10 | . 1 . 8 . 1 Failed 12 | . 5 . 7 . . Catastrophic 1 | . . . 1 . . Database Lockouts . | . . . . . . Manual 20 | . 6 . 13 . 1 Terminals 21 | . 6 . 15 . . Fabricators . | . . . . . . Repair Stations . | . . . . . . Recycling Units . | . . . . . . Scanalyzers . | . . . . . . Garrison Access . | . . . . . . Terminal Hacks 4 | . . . 3 . 1 Robot Analysis 1 | . . . 1 . . Recall Reinforcements 2 | . . . 2 . . EX-Prototype ID Bank 1 | . . . . . 1 Fabricator Hacks . | . . . . . . Repair Station Hacks . | . . . . . . Recycling Unit Hacks . | . . . . . . Scanalyzer . | . . . . . . Garrison Access Hacks . | . . . . . . Unauthorized Hacks 6 | . 1 . 5 . . Terminals 6 | . 1 . 5 . . Track 2 | . . . 2 . . Botnet 3 | . 1 . 2 . . Operators 1 | . . . 1 . . Fabricators . | . . . . . . Repair Stations . | . . . . . . Recycling Units . | . . . . . . Scanalyzers . | . . . . . . Garrison Access . | . . . . . . Data Cores Recovered . | . . . . . . Used . | . . . . . . Hacking Detections 8 | . 2 . 6 . . Full Trace Events 1 | . . . 1 . . Feedback Events . | . . . . . . Feedback Blocked . | . . . . . . Robot Schematics Acquired . | . . . . . . Robots Built . | . . . . . . Matter . | . . . . . . Time . | . . . . . . Total Robot Build Rating . | . . . . . . Part Schematics Acquired . | . . . . . . Parts Built . | . . . . . . Matter . | . . . . . . Time . | . . . . . . Total Part Build Rating . | . . . . . . Parts Repaired . | . . . . . . Time . | . . . . . . Parts Recycled . | . . . . . . Recycled Matter . | . . . . . . Retrieved Matter . | . . . . . . Retrieved Components . | . . . . . . Parts Scanalyzed . | . . . . . . Part Schematics Acquired . | . . . . . . Parts Damaged . | . . . . . . Bothacking | -11 -10 -10 -9 -9 -9 ------------ Run | Scr Mat Min Mat Min Exi Used RIF Installer . | . . . . . . Robots Hacked . | . . . . . . Non-combat . | . . . . . . Combat . | . . . . . . Robot Hacks Applied . | . . . . . . Relay Couplers Released . | . . . . . . Robots Rewired . | . . . . . . Allies Hacked . | . . . . . . Hacks Repelled . | . . . . . . Allies | -11 -10 -10 -9 -9 -9 -------- Run | Scr Mat Min Mat Min Exi Total Allies 3 | . . . . 3 . Largest Group 2 | . . . . 2 2 Highest-Rated Group 47 | . . . . 47 47 Highest-Rated Ally 31 | . . . . 31 31 Total Orders . | . . . . . . Ally Attacks 5 | . . . . 5 . Total Damage 63 | . . . . 63 . Kills 1 | . . . . 1 . Allies Corrupted . | . . . . . . Allies Melted . | . . . . . . Intel | -11 -10 -10 -9 -9 -9 ------- Run | Scr Mat Min Mat Min Exi Robot Analysis Total 1 | . . . 1 . . Derelict Logs Recovered 2 | . . 1 . 1 . Drone Launches . | . . . . . . Drone Recoveries . | . . . . . . Exploration | -11 -10 -10 -9 -9 -9 ------------- Run | Scr Mat Min Mat Min Exi Turns Passed 4332 | 73 478 500 1818 949 514 Spaces Moved 2139 | 46 228 185 838 458 384 Core 4 | 4 . . . . . Treads 1421 | . . . 813 458 150 Legs 714 | 42 228 185 25 . 234 Wheels . | . . . . . . Hover . | . . . . . . Flight . | . . . . . . Fastest Speed 50 | 50 120 180 180 180 90 Average Speed 166 | 113 166 180 180 180 119 Slowest Speed 200 | 120 180 180 200 180 180 Overloaded Moves . | . . . . . . Propulsion Burnouts . | . . . . . . Robots Hopped . | . . . . . . Cave-ins Triggered . | . . . . . . Exploration Rate (%) 55 | 4 50 47 76 86 67 Regions Visited 5 Branch Regions 3 Pre-discovered Areas . | . . . . . . Known Exits Taken . | . . . . . . Unknown Exits Taken 5 | 1 1 1 1 1 . Scrap Searched 3 | . . 2 . 1 . Spaces Dug . | . . . . . . Terrain Destroyed 50 | . 23 . 4 23 . Melee . | . . . . . . Projectile . | . . . . . . AOE 50 | . 23 . 4 23 . Terrain Rammed . | . . . . . . Walls Destroyed . | . . . . . . Machines Disabled . | . . . . . . Actions | -11 -10 -10 -9 -9 -9 --------- Run | Scr Mat Min Mat Min Exi Total 2646 | 60 290 320 1028 528 420 Wait 164 | . 10 98 39 17 . Move 2134 | 45 227 184 837 457 384 Hop . | . . . . . . Pick Up 53 | 6 13 6 17 7 4 Fast Attach 26 | 5 2 1 13 1 4 Attach 19 | 2 3 . 2 8 4 Detach 2 | . 2 . . . . Swap 33 | . 7 3 16 3 4 Drop 58 | . 4 9 31 4 10 Fire 140 | 2 19 19 70 30 . Melee 14 | . 3 . . 1 10 Ram . | . . . . . . Kick . | . . . . . . Crush 3 | . . . 3 . . Escape Stasis . | . . . . . . Rewire . | . . . . . . Trap . | . . . . . . Miscellaneous . | . . . . . . Route ------- -11/Scrapyard -10/Materials (discovered 2 exits: *Mat / [*Min]) -10/Mines -9/Materials (discovered 4 exits: *Mat x3 / [*Min]) -9/Mines (discovered 2 exits: *Mat / *Exi) -9/Exiles History --------- Turn | Location | Event 10 | -11/Scrapyard | Discovered new exit (range 15) 74 | -11/Scrapyard | Entered Materials 300 | -10/Materials | Build established: Mutant 305 | -10/Materials | Core integrity fell below 50% 431 | -10/Materials | Discovered new exit (range 4) 540 | -10/Materials | Discovered new exit (range 8) 552 | -10/Materials | Entered Mines 686 | -10/Mines | Assembled infested the area 880 | -10/Mines | Learned 2 Materials zone layouts 885 | -10/Mines | Build established: Scavenger-Mutant 1032 | -10/Mines | Discovered new exit (range 10) 1052 | -10/Mines | Entered Materials 1052 | -9/Materials | Evolved 2 slots: Utility x1, Weapon x1 1386 | -9/Materials | Build established: Tank 1442 | -9/Materials | Discovered new exit (range 3) 1446 | -9/Materials | Identified exit to Materials 2202 | -9/Materials | Discovered exit to Materials (range 4) 2614 | -9/Materials | Discovered exit to Materials (range 3) 2850 | -9/Materials | Discovered new exit (range 12) 2870 | -9/Materials | Entered Mines 2877 | -9/Mines | Met a Derelict testing a Signal Generator 2894 | -9/Mines | Found Signal Generator 3216 | -9/Mines | Lost 6 parts (1p2n3w) 3287 | -9/Mines | Learned Materials stockpile data 3326 | -9/Mines | Build established: Mutant 3506 | -9/Mines | Found a damaged Exp. Sensor Array with a note attached 3510 | -9/Mines | Found Prototype Device 3745 | -9/Mines | Discovered exit to Materials (range 6) 3795 | -9/Mines | Deemed a non-threat by the Exiles lab entrance 3797 | -9/Mines | Discovered new exit (range 5) 3819 | -9/Mines | Entered Exiles 3819 | -9/Exiles | Accompanied by 2 allies 3849 | -9/Exiles | Led the pair of lost Derelicts to a safe place 3863 | -9/Exiles | Met 8R-AWN 3972 | -9/Exiles | Met EX-HEX 4018 | -9/Exiles | Met EX-BIN 4036 | -9/Exiles | Aligned with FarCom system 4038 | -9/Exiles | Given EX-Vault access code 4076 | -9/Exiles | Opened EX-Vault 4085 | -9/Exiles | Found Potential Leg 4087 | -9/Exiles | Found Potential Leg 4112 | -9/Exiles | Warned to stay clear of 0b10 Research branches 4167 | -9/Exiles | Met EX-DEC 4300 | -9/Exiles | Attacked by the Exiles 4314 | -9/Exiles | Core integrity fell below 50% 4330 | -9/Exiles | Core integrity fell below 20% 4333 | -9/Exiles | Destroyed by 8R-AWN with 8R-AWN's Boregun Last Messages --------------- HV Slug penetrates Machine. Machine disabled. HV Slug penetrates Wall. Penetrated by HV Slug. Critical hit. HV Slug penetrates Wall. Penetrated by HV Slug. HV Slug penetrates Wall. Mining Claw destroyed. Penetrated by HV Slug. HV Slug penetrates Wall. Penetrated by HV Slug. Critical hit. Hrd. Light Armor Plating destroyed. HV Slug penetrates Wall. Potential Leg severed. Mining Claw destroyed. Penetrated by HV Slug. HV Slug penetrates Wall. Penetrated by HV Slug. Map ----- +----------------------------------------------------+ | """#?????????????????????????????????????????????? | | """#?????????????????????????????????????????????? | | """#?????????????????????????????????????????????? | | """#?????????????????????????????????????????????? | | """#?????????????????????????????????????????????? | | """#?????????????????????????????????????????????? | | """#?????????????????????????????????????????????? | | """#?????????????????????????????????????????????? | | """#?????????????????????????????????????????????? | | """"?????????????????????????????????????????????? | | """#?????????????????????????????????????????????? | | """"?????????????????????????????????????????????? | | #?????????????????????????????????????????????? | | """#?????????????????????????????????????????????? | | ####?????????????????????????????????????????????? | | ?????????????????????????????????????????????????? | | ?????????????????????????????????????????????????? | | ?????????????????????????????????????????????? ??? | | #########????????????????????????????????????? ? | | """""""""##??????????????????????????????????? | | " """ """"##?????????????????????????????????# # | | "" " #???????????????????????????????## # | | " """#???????????????????????????????# | | " "#???????????#####???????????????# | | " "##?????????## g ##?????????????## | | ""###???????# a@=;#????????????## #? | | """#??????## a& #;#???????????# #? | | "#????### ###????????### #?? | | ##???# % ########## #?? | | ##?## #""""## #??? | | ### [= * ##?? | | #; !! !* #?? | | a ##;# !* [ ##? | | ""##;" """#### ## | | #"""##?#######??#### * | | ######??????????????##### | | ##???????????????????????### | | " ##??????????????????????????### | | """ ""#?????????????????????????????### | | ""#" "##??????????????????????????????#" | | """##"""""""##???????????????????????????????#### | | """###########???????????????????????????????????# | | ####?????????????????????????????????????????????# | | ?????????????????????????????????????????????????? | | ?????????????????????????????????????????????????? | | ?????????????????????????????????????????????????? | | ?????????????????????????????????????????????????? | | ?????????????????????????????????????????????????? | | ?????????????????????????????????????????????????? | | ?????????????????????????????????????????????????? | +----------------------------------------------------+ Best States ------------- Heat Dissipation 50 Energy Generation 18 Energy Capacity 265 Matter Stores 300 Matter Capacity 300 Sight Range 16 Terrain Scan Density 10 Armor Coverage 150 Evasion (%) 42 Melee Accuracy 5 Armor Integrity Analysis 33 Recoil Reduction 2 Item Schematics ----------------- None Robot Schematics ------------------ None Fabricated ------------ Nothing Alien Tech Used ----------------- None Achievements -------------- None Challenges ------------ None Game ------ Seed DirtySystemCleaver Manual? 0 Play Time 00:29:27 Cumulative 211.8 hours Start 2020.09.09 @ 16:44:18 End 2020.09.09 @ 17:11:19 Sessions 1 Manual Loads 0 Difficulty Rogue Special Mode None Game No. 229 Rogue 229 Adventurer 0 Explorer 0 Win Type - Total 9 Types 7/0/2/0/0/0/0/0/0 Lore% 73 Gallery% 85 Achievement% 64 Wizard Run 0 Options --------- ASCII 0 Keyboard 1 Movement Numpad Keybinds 0 Fullscreen 1 Font 20/SmallcapsGlow Map View 66x50 Tactical HUD 1 Map Filters NONE Filters NONE Steam 1 RUN: cc44a62b-99a3-4ac9-ad11-62b5f23bf3cc